 Dungeon Crawl Stone Soup version 0.29.0-4-gdea44cf6ec (webtiles) character file.

Game seed: 12011421211715950066

119 qw the Chopper (level 5, 0/30 HPs)
             Began as a Tengu Warper on Aug 29, 2022.
             Was an Initiate of Okawaru.
             Slain by Blork the orc
             ... wielding a +0 halberd
              (8 damage)
             ... on level 4 of the Dungeon.
             The game lasted 00:01:09 (3953 turns).

qw the Chopper (Tengu Warper)                       Turns: 3953, Time: 00:01:10

Health: 0/30       AC:  7    Str: 13    XL:     5   Next: 3%
Magic:  9/9        EV: 10    Int: 14    God:    Okawaru [......]
Gold:   183        SH:  4    Dex: 13    Spells: 8/8 levels left

rFire   . . .      SeeInvis .   d - +0 war axe
rCold   . . .      Faith    .   g - +0 buckler
rNeg    . . .      Spirit   .   l - +0 scale mail
rPois   +          Reflect  .   (helmet restricted)
rElec   .          Harm     .   c - +0 cloak
rCorr   .          Rampage  .   (no gloves)
Will    .....                   (boots unavailable)
Stlth   ..........              m - amulet of the acrobat
HPRegen 0.10/turn               a - ring of poison resistance
MPRegen 0.11/turn               (no ring)

@: flying quickly and evasively, quick
A: beak, talons 3, nimble flight
a: Renounce Religion


You were on level 4 of the Dungeon.
You worshipped Okawaru.
Okawaru was noncommittal.
You visited 1 branch of the dungeon, and saw 4 of its levels.

You collected 209 gold pieces.
You spent 26 gold pieces at shops.


Innate Abilities, Weirdness & Mutations

You have a beak for a mouth.
You have claws for feet.
Your magical nature lets you fly swiftly and evasively.


   Skills:
 - Level 2.0 Fighting
 + Level 5.3 Axes
 - Level 1.0 Throwing
 - Level 1.1 Armour
 - Level 2.1 Dodging
 - Level 1.0 Shields
 - Level 2.0 Spellcasting
 - Level 2.4 Translocations


You had 8 spell levels left.
You didn't know any spells.
Your spell library contained the following spells:

 Spells                   Type           Power      Damage    Failure   Level
 Blink                    Tloc           16%        N/A       65%         2
 Gell's Gravitas          Tloc           8%         N/A       87%         3
 Lesser Beckoning         Tloc           8%         N/A       87%         3
 Teleport Other           Tloc           8%         N/A       87%         3
 Manifold Assault         Tloc           8%         N/A       100%        5

Inventory:

Hand Weapons
 b - a +0 whip
 d - a +0 war axe (weapon)
Missiles
 o - a boomerang (quivered)
Armour
 c - a +0 cloak (worn)
 g - a +0 buckler (worn)
 l - a +0 scale mail (worn)
Jewellery
 a - a ring of poison resistance (left hand)
 m - an amulet of the acrobat (around neck)
Scrolls
 e - 2 scrolls of identify
 p - a scroll of fear {unknown}
Potions
 f - 2 potions of haste
 h - a potion of heal wounds {unknown}
 i - 2 potions of mutation {unknown}
 j - a potion of attraction {unknown}
 k - a potion of curing {unknown}
 n - a potion of cancellation {unknown}
 q - a potion of might {unknown}

Dungeon Overview and Level Annotations

Branches:
Dungeon (4/15)             Temple (0/1) D:4

Altars:
Okawaru
Wu Jian

Shops:
D:2 ?:[(?

Annotations:
D:4 Blork the orc, Robin


Message History

3944 ||| Stepping ~*~*~tactically~*~*~ (hiding).
Throw: boomerang
Press: ? - help, Q - select action Shift-Dir - straight line, f - goblin You throw a boomerang.
The boomerang barely misses the goblin.
Blork the orc comes into view.
He is wielding a +0 halberd.
3946 ||| Stepping ~*~*~tactically~*~*~ (stealth).
You barely miss the goblin.
Robin roars a battlecry!
The goblin goes into a battle-frenzy!
The goblin hits you with a +0 club. x2
A hobgoblin comes into view.
You hear a shout!
The hobgoblin shouts!
You hear a shout!
You hit the goblin.
You kill the goblin!
Okawaru accepts your kill. Robin hits you but does no damage.
You hit the goblin.
You kill the goblin!
Okawaru accepts your kill.
Robin roars a battlecry!
You hear a shout! x3
A hobgoblin comes into view.
A goblin comes into view. It is wielding a +0 club.
You block Robin's attack. The hobgoblin barely misses you.
Items here: %% )).
You hit Robin.
Robin is lightly wounded.
You closely miss the hobgoblin.
A goblin comes into view. It is wielding a +0 dagger.
Blork the orc hits you from afar with a +0 halberd!
The hobgoblin closely misses you. Robin throws the goblin at you!
You hit Robin.
Robin is moderately wounded.
You barely miss the goblin. You slash the hobgoblin!
You kill the hobgoblin!
Okawaru accepts your kill.
You barely miss the hobgoblin. The hobgoblin hits you.
The goblin hits you with a +0 dagger.
Blork the orc hits you from afar with a +0 halberd!
You die...

#####.#..## ..
... ##.......##
... ..
#........##
#.....
..........>.#
#...#
...########.#
#....# .. ##.###
#..... # #....##
.g ...... #..#..#
#g.g ......
....##g@##.....
......
..#.###..gg.gg...
...... ##
#...go.....
..#..#
##P.P...... .
#... ##.##....#
#... ... P...#
.... .>.. ....
.... ...#P#..#
..#. ##.####.##
..##


You could see Blork the orc, Robin, 3 hobgoblins and 2 goblins.

Vanquished Creatures
  A hound (D:3)
  2 adders (D:2)
  3 dart slugs
  An orc (D:4)
  6 bats
  2 endoplasms
  2 giant cockroaches
  8 goblins
  7 hobgoblins
  A jackal (D:3)
  3 quokkas
  7 ball pythons
  4 frilled lizards
  2 kobolds
  20 rats
69 creatures vanquished.

Notes
Turn   | Place    | Note
-------+----------+-------------------------------------------
     0 | D:1      | qw the Tengu Warper began the quest for the Orb.
     0 | D:1      | Reached XP level 1. HP: 12/12 MP: 4/4
     0 | D:1      | 0 ||| qw: Version: 0.1-a-89-g26bdef1
     0 | D:1      | 0 ||| qw: Game counter: 3446
     0 | D:1      | 0 ||| qw: Always use a shield: true
     0 | D:1      | 0 ||| qw: God list: Okawaru
     0 | D:1      | 0 ||| qw: Allow faded altars: false
     0 | D:1      | 0 ||| qw: Do Orc after D:15 true
     0 | D:1      | 0 ||| qw: Do second Lair branch before Depths: true
     0 | D:1      | 0 ||| qw: Lair rune preference: random
     0 | D:1      | 0 ||| qw: Plans: Normal
     0 | D:1      | 0 ||| PLANNING D:1-11
   415 | D:1      | Reached XP level 2. HP: 17/17 MP: 6/6
   477 | D:1      | Reached skill level 3 in Axes
  1069 | D:1      | 1069 ||| UPGRADING to +0 buckler.
  1074 | D:1      | 1074 ||| UPGRADING to +0 ring mail.
  1084 | D:1      | 1084 ||| DROPPING +0 leather armour.
  1085 | D:1      | 1085 ||| UPGRADING to amulet of the acrobat.
  1090 | D:1      | 1090 ||| READING scroll labelled DETOMY NOCVUOW.
  1091 | D:1      | 1091 ||| READING 2 scrolls labelled METUACV PUYZ.
  1092 | D:1      | 1092 ||| READING scroll labelled TELUSCH PUIRUOT.
  1093 | D:1      | 1093 ||| READING 2 scrolls labelled FOTOFAOSHRI.
  1194 | D:1      | 1194 ||| READING scroll labelled FOEMOM KADUOK.
  1195 | D:1      | 1195 ||| DROPPING scroll of blinking.
  1196 | D:1      | 1196 ||| DROPPING scroll of silence.
  1414 | D:2      | Found Duniklua's Magic Scroll Shop.
  1415 | D:2      | 1415 ||| Stepping ~*~*~tactically~*~*~ (stealth).
  1416 | D:2      | 1416 ||| Stepping ~*~*~tactically~*~*~ (stealth).
  1431 | D:2      | 1431 ||| SHOPLISTING scroll of enchant weapon (97 gold,
                  | have 26).
  1431 | D:2      | 1431 ||| BUYING scroll of identify (26 gold).
  1431 | D:2      | Bought a scroll of identify for 26 gold pieces
  1431 | D:2      | 1431 ||| SHOPLISTING scroll of identify (26 gold, have 0).
  1478 | D:2      | 1478 ||| Stepping ~*~*~tactically~*~*~ (hiding).
  1485 | D:2      | Reached skill level 1 in Shields
  1778 | D:2      | Reached XP level 3. HP: 17/21 MP: 7/7
  1834 | D:2      | Found Ceusuy's Armour Shop.
  1841 | D:2      | 1841 ||| SHOPLISTING +0 scale mail (44 gold, have 14).
  1841 | D:2      | 1841 ||| SHOPLISTING +2 chain mail of positive energy (203
                  | gold, have 14).
  1940 | D:2      | 1940 ||| DROPPING +0 club.
  2131 | D:2      | Found Xyrrankino's Magic Scroll Shoppe.
  2139 | D:2      | 2139 ||| SHOPLISTING scroll of brand weapon (123 gold, have
                  | 14).
  2139 | D:2      | 2139 ||| SHOPLISTING scroll of enchant armour (97 gold,
                  | have 14).
  2139 | D:2      | 2139 ||| SHOPLISTING scroll of identify (26 gold, have 14).
  2438 | D:2      | Found Quschacsinn's Weapon Boutique.
  2448 | D:2      | 2448 ||| SHOPLISTING +0 war axe (42 gold, have 41).
  2481 | D:2      | Found Ihacs's Book Boutique.
  2495 | D:2      | Reached skill level 4 in Axes
  2711 | D:2      | 2711 ||| UPGRADING to ring of poison resistance.
  2712 | D:2      | 2712 ||| READING scroll labelled CURCHO CAMN.
  2713 | D:2      | 2713 ||| READING scroll labelled TIONYE QEFUUMN.
  2714 | D:2      | 2714 ||| READING scroll labelled GAENIFIOST.
  2715 | D:2      | 2715 ||| DRINKING 2 viscous orange potions.
  2716 | D:2      | 2716 ||| READING 2 scrolls of identify.
  2716 | D:2      | 2716 ||| IDENTIFYING metallic grey potion
  2717 | D:2      | 2717 ||| DROPPING potion of brilliance.
  2905 | D:3      | Reached XP level 4. HP: 23/26 MP: 8/8
  3271 | D:3      | 3271 ||| Stepping ~*~*~tactically~*~*~ (stealth).
  3272 | D:3      | Found an ornate altar of the Wu Jian Council.
  3272 | D:3      | Found a faded altar of an unknown god.
  3280 | D:3      | Reached skill level 5 in Axes
  3327 | D:3      | 3327 ||| Stepping ~*~*~tactically~*~*~ (stealth).
  3328 | D:3      | 3328 ||| Stepping ~*~*~tactically~*~*~ (stealth).
  3392 | D:3      | 3392 ||| SWAPPING to +0 war axe.
  3414 | D:3      | 3414 ||| DROPPING +0 hand axe.
  3426 | D:3      | Found an iron altar of Okawaru.
  3462 | D:3      | Became a worshipper of Warmaster Okawaru
  3517 | D:3      | 3517 ||| Stepping ~*~*~tactically~*~*~ (stealth).
  3518 | D:3      | 3518 ||| Stepping ~*~*~tactically~*~*~ (stealth).
  3592 | D:3      | 3592 ||| UPGRADING to +0 cloak.
  3597 | D:3      | 3597 ||| UPGRADING to +0 scale mail.
  3607 | D:3      | 3607 ||| DROPPING +0 ring mail.
  3843 | D:4      | Gained mutation: Your magical nature lets you fly swiftly
                  | and evasively. [Tengu growth]
  3843 | D:4      | Reached XP level 5. HP: 30/30 MP: 9/9
  3938 | D:4      | Found a staircase to the Ecumenical Temple.
  3943 | D:4      | 3943 ||| Stepping ~*~*~tactically~*~*~ (stealth).
  3943 | D:4      | Noticed Robin
  3944 | D:4      | 3944 ||| Stepping ~*~*~tactically~*~*~ (hiding).
  3945 | D:4      | Noticed Blork the orc
  3946 | D:4      | 3946 ||| Stepping ~*~*~tactically~*~*~ (stealth).
  3953 | D:4      | Slain by Blork the orc

Levels and vault maps discovered:
D:1:      dpeg_arrival_signposts, layout_loops_corners, bh_walls_and_bars
D:2:      layout_loops_ring, serial_forest, infiniplex_forest_zigzag_1,
          infiniplex_forest_straight_4, infiniplex_forest_straight_5,
          infiniplex_forest_clump_long, infiniplex_forest_lined_4_way,
          infiniplex_forest_lined_2, serial_shops, nicolae_square_shop,
          nicolae_shop_waterfront, nicolae_diamond_shop,
          nicolae_shop_hallway_plus, shop_statue, minivault_25,
          grunt_ministairs_14
D:3:      layout_basic, jmf_multi_god_temple, shapermc_ecumenical_altar_pompeii,
          minmay_rat_hole
D:4:      layout_cave_pools, minmay_temple_entry_gardened_gates,
          nicolae_zen_rock_garden, uniq_blork_the_orc, uniq_robin

Skill      XL: |  1  2  3  4 |
---------------+-------------+-----
Axes           | 3 4 5 |  5.3
Shields        | 1 |  1.0
Fighting       | |  2.0
Throwing       | |  1.0
Armour         | |  1.1
Dodging        | |  2.1
Spellcasting   | |  2.0
Translocations | |  2.4

Action                   |  1- 3 |  4- 6 || total
-------------------------+-------+-------++-------
Melee: Hand axe          |    85 |    44 ||   129
       Peck              |    12 |     9 ||    21
       Kick              |    14 |    12 ||    26
       War axe           |       |    21 ||    21
Throw: Boomerang         |     7 |     6 ||    13
  Use: Scroll            |     9 |       ||     9
       Potion            |     1 |       ||     1
Armor: Ring mail         |    20 |    16 ||    36
       Leather armour    |     1 |       ||     1
       Scale mail        |       |     3 ||     3
Dodge: Dodged            |    38 |    32 ||    70
Block: Buckler           |    10 |     4 ||    14

Table legend:
 A = Non-vault XP
 B = Vault XP
 C = Vault XP percentage of total XP
 D = Non-vault monster count
 E = Vault monster count
 F = Vault count percentage of total count
                 A         B        C        D         E       F
            +---------+---------+-------+---------+---------+-------
      Total |     138 |      35 |  20.2 |      42 |      27 |  39.1
            +---------+---------+-------+---------+---------+-------
        D:1 |      18 |       0 |   0.0 |       8 |       0 |   0.0
        D:2 |      51 |       3 |   5.6 |      18 |       2 |  10.0
        D:3 |      62 |      24 |  27.9 |      13 |      21 |  61.8
        D:4 |       7 |       8 |  53.3 |       3 |       4 |  57.1
            +---------+---------+-------+---------+---------+-------
